 Dungeon Crawl Stone Soup version 0.27-a0-1065-ge809cff456 (webtiles) character file.

Game seed: 10903952375954084327

30 BritishOli the Sneak (level 3, -3/29 HPs)
             Began as a Demonspawn Delver on Apr 22, 2021.
             Slain by a goblin
             ... wielding a +0 dagger
             ... led by Robin
              (4 damage)
             ... on level 4 of the Dungeon.
             The game lasted 00:02:57 (320 turns).

BritishOli the Sneak (Demonspawn Delver)             Turns: 320, Time: 00:02:58

Health: -3/29      AC:  3    Str: 13    XL:     3   Next: 5%
Magic:  3/3        EV: 12    Int: 11    God:
Gold:   2          SH:  0    Dex: 14    Spells: 2/2 levels left

rFire    . . .     SeeInvis .   a - +0 falchion
rCold    . . .     Faith    .   (no shield)
rNeg     . . .     Spirit   .   b - +0 leather armour
rPois    .         Reflect  .   (no helmet)
rElec    .         Harm     .   (no cloak)
rCorr    .         Rampage  .   (no gloves)
Will     .....                  (no boots)
Stlth    ++........             (no amulet)
HPRegen  0.09/turn              (no ring)
MPRegen  0.08/turn              (no ring)

@: no status effects
A: claws 1
a: no special abilities


You were on level 4 of the Dungeon.
You visited 1 branch of the dungeon, and saw 2 of its levels.

You collected 2 gold pieces.

Inventory:

Hand Weapons
 a - a +0 falchion (weapon)
Armour
 b - a +0 leather armour (worn)
Wands
 g - a wand of digging (3)
Scrolls
 c - a scroll of fog
 d - a scroll of magic mapping
 e - a scroll of fear
Potions
 f - a potion of haste


   Skills:
 + Level 3.2 Fighting
 * Level 2.4 Long Blades
 + Level 0.8 Armour
 + Level 2.1 Dodging
 - Level 4.5 Stealth


You had 2 spell levels left.
You didn't know any spells.
Your spell library was empty.

Dungeon Overview and Level Annotations

Branches:
Dungeon (5/15)
 Temple: D:4-7

Altars:


Innate Abilities, Weirdness & Mutations

You have sharp fingernails.


Message History

The hobgoblin barely misses you.
You hit the hobgoblin.
You kill the hobgoblin!
You closely miss the hobgoblin. The hobgoblin barely misses you.
You closely miss the hobgoblin. The hobgoblin misses you.
You hit the hobgoblin.
You kill the hobgoblin!
The goblin no longer looks unusually strong.
You closely miss the goblin. The goblin hits you with a +0 club.
* * * LOW HITPOINT WARNING * * *
You closely miss the goblin. The goblin hits you with a +0 club.
* * * LOW HITPOINT WARNING * * *
The goblin closely misses you.
You riposte.
You closely miss the goblin. You hit the goblin.
The goblin is heavily wounded.
The goblin hits you but does no damage.
Sorry, you're not good enough to have a special ability.
Okay, then.
You slash the goblin!
You kill the goblin!
You have reached level 3!
Your experience leads to an increase in your attributes!
Increase (S)trength, (I)ntelligence, or (D)exterity?
You feel stronger.
Okay, then.
Sorry, you're not good enough to have a special ability.
You hit the goblin.
You kill the goblin!
Things that are here:
a +1 dagger of draining; a +0 hunting sling; 24 stones You barely miss the goblin.
The goblin hits you but does no damage.
You hit the goblin.
The goblin is severely wounded.
The goblin misses you.
You barely miss the goblin.
The goblin is severely wounded.
The goblin hits you with a +0 dagger.
* * * LOW HITPOINT WARNING * * *
The goblin hits you with a +0 dagger.
You die...

######.#.#
#####........)
.......#.#
#...#.........
.........#
#...#.........
....o....#
#...#........#
.......Og#
#...#...(....#
#......#g#
#...#........#
########g#
#...#####.####
#g# #...#####.#
#@# #...#(....#
#.###...#.#####
#.......#.#
######.##.#
#.##.# #.##.#
#.##.# #.##.#
#....#


You could see an ogre and 4 goblins.

Vanquished Creatures
  Robin (D:4)
  3 orcs
  An endoplasm (D:4)
  6 goblins (D:4)
  2 hobgoblins (D:4)
  A kobold (D:4)
14 creatures vanquished.

Notes
Turn   | Place    | Note
-------+----------+-------------------------------------------
     0 | D:5      | BritishOli the Demonspawn Delver began the quest for the
                  | Orb.
     0 | D:5      | Reached XP level 1. HP: 18/18 MP: 1/1
     6 | D:5      | Noticed an orc wizard
    30 | D:4      | Noticed an iguana
   219 | D:4      | Noticed an ogre
   282 | D:4      | Noticed Robin
   289 | D:4      | Noticed an ogre
   292 | D:4      | Gained mutation: You have sharp fingernails. [demonic
                  | ancestry]
   292 | D:4      | Reached XP level 2. HP: 24/24 MP: 2/2
   299 | D:4      | Killed Robin
   312 | D:4      | HP: 1/24 [goblin/+0 club[Robin] (2)]
   315 | D:4      | Reached XP level 3. HP: 2/29 MP: 3/3
   320 | D:4      | HP: 1/29 [goblin/+0 dagger[Robin] (2)]
   320 | D:4      | Slain by a goblin

Illustrated notes

Levels and vault maps discovered:
D:4:      layout_basic, minmay_temple_entry_antechambers, serial_shops, shop,
          kennysheep_donut, uniq_robin
D:5:      layout_rooms, gammafunk_temple_overflow_pools, serial_shops,
          nicolae_shop_waterfront

Skill      XL: |  1  2 |
---------------+-------+-----
Long Blades    | 2 |  2.4
Dodging        | 2 |  2.1
Fighting       | |  3.2
Armour         | |  0.8
Stealth        | |  4.5

Action                   || total
-------------------------++-------
Melee: Falchion          ||    44
 Stab: Sleeping          ||     2
Armor: Leather armour    ||    10
Dodge: Dodged            ||    17
       Rpst.: Falchion   ||     5

Table legend: (Time is in decaauts)
 A = Elapsed time spent in this place.
 B = Non-inter-level travel time spent in this place.
 C = Inter-level travel time spent in this place.
 D = Time resting spent in this place.
 E = Time spent auto-exploring this place.
 F = Levels seen in this place.
 G = Mean time per level.
                   A        B        C        D        E       F      G
               +--------+--------+--------+--------+--------+-----+--------+
         Total |    327 |    327 |      0 |    133 |      5 |   2 |  163.5 |
       Dungeon |    327 |    327 |      0 |    133 |      5 |   2 |  163.5 |
               +--------+--------+--------+--------+--------+-----+--------+

Top non-repeatable levels by time:
     D:4: 300 daAuts
     D:5: 27 daAuts
